 Dungeon Crawl Stone Soup version 0.22.1-2-g9c5b331383 (webtiles) character file.

62388 Morrissey the Bludgeoner (level 15, -4/83 HPs)
             Began as a Gargoyle Berserker on Nov 22, 2018.
             Was the Champion of Trog.
             Slain by a tentacled starspawn (20 damage)
             ... on level 2 of the Abyss.
             The game lasted 00:34:25 (17285 turns).

Morrissey the Bludgeoner (Gargoyle Berserker)      Turns: 17285, Time: 00:34:25

Health: -4/83      AC: 32    Str: 19    XL:     15   Next: 6%
Magic:  15/15      EV:  8    Int:  7    God:    Trog [******]
Gold:   1254       SH:  3    Dex: 19    Spells: 14/14 levels left

rFire    + . .     SeeInvis .   b - +2 great mace (flame)
rCold    . . .     Gourm    .   (shield currently unavailable)
rNeg     + . .     Faith    .   S - +0 plate armour
rPois    ∞         Spirit   .   g - -1 helmet of Shielding {rElec} (curse)
rElec    +         Reflect  +   O - +1 cloak
rCorr    .         Harm     .   M - +0 pair of gloves
MR       +....     Rnd*Rage +   (no boots)
Stlth    ..........             D - +3 amulet of reflection
HPRegen  0.23/turn              B - +5 ring of dexterity
MPRegen  0.14/turn              N - ring of protection from fire

@: berserk cooldown
A: big wings, [berserk 2], blurry vision 1, frail 1[+1], negative energy
resistance 1, [screaming 1], electricity resistance, [weak 2], unbreathing,
petrification resistance, rot immunity, [subdued magic 1], AC +11
a: Fly, Berserk, Trog's Hand, Brothers in Arms, Renounce Religion


You were on level 2 of the Abyss.
You worshipped Trog.
Trog was exalted by your worship.
You were hungry.

You visited 2 branches of the dungeon, and saw 18 of its levels.
You visited the Abyss 1 time.
You also visited: Ice Cave and Volcano.

You collected 1254 gold pieces.

Inventory:

Hand Weapons
 a - a +2 great mace of venom
 b - a +2 great mace of flaming (weapon)
 q - the +2 flail "Ocilau Ymoh" {freeze, Int+4}
   (You found it on level 2 of the Abyss)

   It has been specially enchanted to freeze those struck by it, causing extra
   injury to most foes and up to half again as much damage against particularly
   susceptible opponents.
   It can also slow down cold-blooded creatures.
   It affects your intelligence (+4).
Armour
 g - the cursed -1 helmet of Shielding (worn) {rElec}
   (You found it on level 8 of the Dungeon)

   It insulates you from electricity.
   It has a curse placed upon it.
 l - a +1 hat
 M - a +0 pair of gloves (worn)
 O - a +1 cloak (worn)
 S - a +0 plate armour (worn)
Jewellery
 y - an uncursed amulet of guardian spirit {unknown}
 B - a +5 ring of dexterity (left hand)
 D - a +3 amulet of reflection (around neck)
 E - the ring "Damnable Contraption" {rCorr rC- Dex+8}
   (You found it on level 1 of the Lair of Beasts)

   [ring of resist corrosion]

   It affects your dexterity (+8).
   It makes you vulnerable to cold.
 I - an uncursed ring of protection from magic
 J - an uncursed ring of positive energy
 L - an uncursed amulet of faith
 N - a ring of protection from fire (right hand)
 X - an uncursed ring of see invisible
Wands
 u - a wand of enslavement (6)
 A - a wand of flame (85)
 P - a wand of iceblast (13)
 U - a wand of acid (5)
 W - a wand of paralysis (11)
Scrolls
 f - a scroll of silence {unknown}
 h - 2 scrolls of fog {unknown}
 m - 7 scrolls of remove curse {unknown}
 o - 5 scrolls of teleportation
 p - 2 scrolls of fear {unknown}
 s - a scroll of noise {unknown}
 t - 2 scrolls of amnesia {unknown}
 x - 2 scrolls of enchant weapon {unknown}
 G - a scroll of magic mapping
 H - 3 scrolls of enchant armour {unknown}
 K - a scroll of brand weapon
 R - 3 scrolls of blinking {unknown}
Potions
 d - 3 potions of haste
 e - 3 potions of magic {unknown}
 i - 4 potions of brilliance
 j - 5 potions of curing {unknown}
 k - 7 potions of agility
 n - 4 potions of berserk rage {unknown}
 r - 3 potions of invisibility
 v - 7 potions of mutation {unknown}
 w - 5 potions of resistance {unknown}
 z - 5 potions of might
 C - 6 potions of heal wounds
 F - 2 potions of ambrosia {unknown}
 Q - a potion of cancellation {unknown}
 T - a potion of experience {unknown}
Comestibles
 c - 44 rations


   Skills:
 + Level 15.7 Fighting
 * Level 16.7 Maces & Flails
 + Level 13.9 Armour
 - Level 1.5 Dodging


You had 14 spell levels left.
You didn't know any spells.
Your spell library was empty.

Dungeon Overview and Level Annotations

Branches:
Dungeon (12/15)            Temple (0/1) D:7            Lair (6/6) D:8
 Shoals (0/4) Lair:4       Spider (0/4) Lair:2        Slime (0/5) Lair:6
    Orc (0/2) D:10

Altars:
Dithmenos
Kikubaaqudgha
Makhleb
Nemelex Xobeh
Ru
Trog
Vehumet
Wu Jian
Jiyva

Annotations:
D:10 3 runed doors, onono's ghost, journeyman GnWn
D:12 1 runed door, Erolcha; martinkus's ghost, journeyman DrCj
Lair:1 3 runed doors, Gunterle's ghost, novice SpNe


Innate Abilities, Weirdness & Mutations

You are resistant to torment.
Your stone body is resilient. (AC +11)
You are immune to poison.
Your large and strong wings let you fly indefinitely.
You resist negative energy. (rN+)
You are resistant to electric shocks. (rElec)
You can survive without breathing.
You are immune to petrification.
You are immune to rotting.
Scrolls take you a little longer to read.
[You often lose your temper in combat.]
[You are very frail. (-20% HP)]
[You occasionally shout uncontrollably at your foes.]
[You are very weak. (Str -4)]
[Your spells are a little easier to cast, but a little less powerful.]


Message History

* * * LOW HITPOINT WARNING * * *
The starspawn tentacle constricts you.
You hit the tentacled starspawn. You burn the tentacled starspawn.
The starspawn tentacle loses its grip on you.
The tentacled starspawn is severely damaged.
The tentacled starspawn barely misses you.
The tentacled starspawn engulfs you but does no damage.
The starspawn tentacle barely misses you.
Unknown command.
You sock the tentacled starspawn! You burn the tentacled starspawn.
The tentacled starspawn is almost destroyed.
You feel yourself speed up.
The tentacled starspawn barely misses you.
The tentacled starspawn engulfs you but does no damage.
The starspawn tentacle grabs you. The starspawn tentacle constricts you.
Your plate armour prevents you from hitting the tentacled starspawn.
The starspawn tentacle loses its grip on you.
The tentacled starspawn is almost destroyed.
The tentacled starspawn bites you!!
You die...

..##.... ... ≈
....####≈≈≈
###...## .≈≈≈
....# ..≈≈ #
.##.".≈ ### #
.# #@##
#.###....
#Xw###.# . .
##w##X#.##...#
#..#.## # #.≈.
###.#... #≈≈
#.#...#≈≈≈.
##### ... .# .


You could see a tentacled starspawn and 2 starspawn tentacles.

Vanquished Creatures
  A red draconian (Volcano)
  An ogre mage (Volcano)
  Josephine (D:10)
  Harold (D:9)
  A rakshasa (Abyss:2)
  2 hydras
  A merfolk avatar (Lair:6)
  A centaur warrior (D:11)
  5 two-headed ogres
  11 death yaks
  A wretched star (Abyss:2)
  Sonja (Lair:5)
  An unseen horror (D:10)
  A sea snake (Lair:6)
  An orc knight (D:10)
  A deep elf mage (D:12)
  A manticore (D:12)
  4 ugly things
  A fire giant zombie (Abyss:2)
  2 cyclopes (D:11)
  2 black mambas (Lair:6)
  6 elephants
  A gargoyle (Volcano)
  A molten gargoyle (Volcano)
  10 spiny frogs
  2 smoke demons (Abyss:2)
  2 orange demons (Abyss:2)
  4 rime drakes
  5 komodo dragons
  An ancient zyme (Abyss:2)
  2 trolls
  A large abomination (Abyss:2)
  Grinder (D:4)
  3 polar bears (Lair:6)
  4 hornets
  4 slime creatures (D:8)
  10 blink frogs
  7 dream sheep
  7 hippogriffs
  A snapping turtle (Lair:4)
  A shadow (D:11)
  4 wraiths (D:10)
  55 yaks
  Grum (Lair:1)
  4 wyverns
  A neqoxec (Abyss:2)
  2 fire bats (Volcano)
  2 basilisks
  2 vampire mosquitoes (D:12)
  Menkaure (D:5)
  An acid dragon (D:12)
  14 water moccasins
  8 porcupines
  Duvessa (D:7)
  An ice beast (IceCv)
  2 hell hounds (Lair:6)
  4 sky beasts
  6 orc warriors
  A phantom (D:10)
  2 small abominations (Abyss:2)
  An eye of draining (D:10)
  15 wolves
  A centaur (D:4)
  13 crocodiles
  2 big kobolds
  14 bullfrogs
  Dowan (D:7)
  A wyvern skeleton (D:8)
  2 scorpions
  6 killer bees
  2 electric eels (D:10)
  A vampire bat (D:8)
  3 lava snakes (Volcano)
  2 crimson imps
  3 howler monkeys
  3 quasits
  3 hounds
  An iron imp (Abyss:2)
  3 jellies
  5 orc priests
  12 orc wizards
  2 centaur skeletons
  2 bullfrog skeletons
  5 iguanas
  12 worker ants
  A hound zombie (D:7)
  A hound skeleton (D:5)
  A worker ant zombie (D:10)
  13 adders
  2 shadow imps
  An ooze (D:4)
  3 worms
  2 dart slugs
  8 leopard geckos
  45 orcs
  3 bat skeletons (D:8)
  2 bat zombies (D:8)
  5 giant cockroaches
  5 goblins
  10 hobgoblins
  16 jackals
  14 kobolds
  3 quokkas
  2 ball pythons
  11 bats
  9 frilled lizards
  A quokka skeleton (D:4)
  13 rats
512 creatures vanquished.

Vanquished Creatures (collateral kills)
  A cacodemon (Abyss:2)
  A large abomination (Abyss:2)
  A harpy (Lair:6)
  An ugly thing (IceCv)
  A black mamba (Lair:6)
  A spiny frog (Lair:6)
  A rime drake (Lair:6)
  5 ice beasts (IceCv)
  An iron imp (Abyss:2)
  An ufetubus (Abyss:2)
14 creatures vanquished.

Vanquished Creatures (others)
  A centaur (D:8)
  An orc wizard (D:4)
  9 fungi (Lair:6)
  11 plants
22 creatures vanquished.

Grand Total: 548 creatures vanquished

Notes
Turn   | Place    | Note
-------+----------+-------------------------------------------
     0 | D:1      | Morrissey the Gargoyle Berserker began the quest for the
                  | Orb.
     0 | D:1      | Reached XP level 1. HP: 14/14 MP: 1/1
   417 | D:1      | Reached XP level 2. HP: 12/19 MP: 2/2
  1008 | D:2      | Reached ** piety under Trog
  1008 | D:2      | Reached XP level 3. HP: 24/24 MP: 3/3
  1092 | D:2      | Reached skill level 4 in Maces & Flails
  1175 | D:2      | Reached XP level 4. HP: 29/29 MP: 4/4
  1512 | D:3      | Found a radiant altar of Vehumet.
  1519 | D:3      | Reached *** piety under Trog
  1578 | D:3      | Reached XP level 5. HP: 30/34 MP: 5/5
  1655 | D:3      | Reached skill level 5 in Maces & Flails
  2423 | D:4      | Reached skill level 5 in Fighting
  2426 | D:4      | Reached XP level 6. HP: 40/40 MP: 6/6
  2509 | D:4      | Reached **** piety under Trog
  2696 | D:4      | Reached XP level 7. HP: 42/45 MP: 7/7
  2903 | D:4      | Noticed Grinder
  2916 | D:4      | Killed Grinder
  3023 | D:4      | Reached skill level 6 in Maces & Flails
  3368 | D:5      | Entered Level 5 of the Dungeon
  3503 | D:5      | Reached XP level 8. HP: 53/53 MP: 8/8
  3616 | D:5      | Noticed Menkaure
  3626 | D:5      | Killed Menkaure
  4167 | D:5      | Found a sacrificial altar of Ru.
  4490 | D:6      | Reached skill level 5 in Armour
  4635 | D:6      | Found a shadowy altar of Dithmenos.
  4687 | D:6      | Found an ornate altar of the Wu Jian Council.
  4851 | D:7      | Found a burning altar of Makhleb.
  5045 | D:4      | Got a crude flail
  5046 | D:4      | Identified the +7 flail of Zedismuuni {speed, *Drain Str+4
                  | SInv Stlth+} (You found it on level 4 of the Dungeon)
  5260 | D:7      | Noticed Duvessa
  5260 | D:7      | Noticed Dowan
  5271 | D:7      | Killed Duvessa
  5271 | D:7      | Reached skill level 7 in Maces & Flails
  5273 | D:7      | Killed Dowan
  5273 | D:7      | Reached XP level 9. HP: 60/60 MP: 9/9
  5422 | D:7      | Found a staircase to the Ecumenical Temple.
  5732 | D:8      | Got a polished helmet
  5749 | D:8      | Identified the cursed -1 helmet of Shielding {rElec} (You
                  | found it on level 8 of the Dungeon)
  5836 | D:8      | Reached ***** piety under Trog
  5898 | D:8      | Noticed a death yak
  5899 | D:8      | Noticed a death yak
  5899 | D:8      | Noticed a death yak
  5900 | D:8      | Noticed a death yak
  5901 | D:8      | Noticed a death yak
  5915 | D:8      | Reached skill level 10 in Fighting
  5926 | D:8      | Killed a death yak
  5926 | D:8      | Reached skill level 8 in Maces & Flails
  5936 | D:8      | Killed a death yak
  5936 | D:8      | Reached XP level 10. HP: 16/69 MP: 10/10
  5944 | D:8      | Killed a death yak
  5954 | D:8      | Found a bloodstained altar of Trog.
  6190 | D:8      | Killed a death yak
  6190 | D:8      | Reached skill level 9 in Maces & Flails
  6199 | D:8      | Killed a death yak
  6285 | D:8      | Found a staircase to the Lair.
  6351 | D:8      | Found an ancient bone altar of Kikubaaqudgha.
  6578 | D:8      | Found a bloodstained altar of Trog.
  6786 | D:8      | Killed a very large slime creature
  6786 | D:8      | Reached skill level 10 in Maces & Flails
  6786 | D:8      | Reached XP level 11. HP: 76/76 MP: 11/11
  6992 | D:9      | Noticed Harold
  7010 | D:9      | Killed Harold
  7544 | D:9      | Received a gift from Trog
  7687 | D:10     | Entered Level 10 of the Dungeon
  7851 | D:10     | Noticed an unseen horror
  7864 | D:10     | Killed an unseen horror
  7864 | D:10     | Reached skill level 11 in Maces & Flails
  7936 | D:10     | Noticed Josephine
  7955 | D:10     | Killed Josephine
  7994 | D:10     | Reached skill level 10 in Armour
  8154 | D:10     | Found a runed gate.
  8154 | D:10     | Found a runed gate.
  8154 | D:10     | Found a runed gate.
  8155 | D:10     | Noticed onono's ghost (journeyman GnWn)
  8445 | D:10     | Found a sparkling altar of Nemelex Xobeh.
  8568 | D:10     | Noticed an orc knight
  8581 | D:10     | Killed an orc knight
  8581 | D:10     | Reached XP level 12. HP: 82/82 MP: 12/12
  8635 | D:10     | Found a staircase to the Orcish Mines.
  8738 | Lair:1   | Entered Level 1 of the Lair of Beasts
  8749 | Lair:1   | Reached skill level 12 in Maces & Flails
  8763 | Lair:1   | Found a runed gate.
  8820 | Lair:1   | Noticed Grum
  8837 | Lair:1   | Killed Grum
  8837 | Lair:1   | Received a gift from Trog
  8838 | Lair:1   | Got a polished lajatang {god gift}
  8855 | Lair:1   | Identified the +11 lajatang of the Yoke {slice, *Noise
                  | +Blink Int+4} (Trog gifted it to you on level 1 of the Lair
                  | of Beasts)
  9069 | Lair:1   | Found a runed gate.
  9074 | Lair:1   | Found a runed gate.
  9091 | Lair:1   | Noticed a minotaur
  9234 | Lair:1   | Noticed Gunterle's ghost (novice SpNe)
  9242 | Lair:1   | Got a clouded brass ring
  9463 | Lair:2   | Found a frozen archway.
  9472 | IceCv    | Entered an ice cave
  9482 | IceCv    | Found a transporter.
  9552 | IceCv    | Found a transporter.
  9810 | Lair:2   | Found a hole to the Spider Nest.
 10287 | Lair:3   | Reached skill level 13 in Maces & Flails
 10569 | Lair:3   | Identified the ring "Damnable Contraption" {rCorr rC-
                  | Dex+8} (You found it on level 1 of the Lair of Beasts)
 10768 | Lair:3   | Reached XP level 13. HP: 89/89 MP: 13/13
 11623 | Lair:4   | Found a staircase to the Shoals.
 12208 | Lair:5   | Reached skill level 14 in Maces & Flails
 12209 | Lair:5   | Noticed Sonja
 12216 | Lair:5   | Killed Sonja
 12659 | Lair:5   | You fall through a shaft!
 12659 | Lair:6   | Entered Level 6 of the Lair of Beasts
 12659 | Lair:6   | Found a staircase to the Slime Pits.
 12659 | Lair:6   | Found a viscous altar of Jiyva.
 12665 | Lair:6   | Reached ****** piety under Trog
 12866 | Lair:6   | Found a dark tunnel.
 12889 | Volcano  | Entered a volcano
 13267 | Volcano  | Found a burning altar of Makhleb.
 13267 | Volcano  | Noticed an ogre mage
 13278 | Volcano  | Killed an ogre mage
 13451 | Volcano  | Noticed a red draconian
 13461 | Volcano  | Killed a red draconian
 13764 | Lair:5   | Reached skill level 15 in Maces & Flails
 14104 | Lair:6   | Gained mutation: Your large and strong wings let you fly
                  | indefinitely. [Gargoyle growth]
 14104 | Lair:6   | Reached XP level 14. HP: 41/96 MP: 14/14
 14315 | Lair:6   | Reached skill level 15 in Fighting
 14934 | Lair:6   | Reached skill level 16 in Maces & Flails
 15717 | D:11     | Received a gift from Trog
 16434 | D:12     | Found a runed door.
 16437 | D:12     | Noticed martinkus's ghost (journeyman DrCj)
 16966 | D:12     | Noticed Erolcha
 16973 | D:12     | Paralysed by something for 7 turns
 16976 | D:12     | Cast into level 2 of the Abyss (Erolcha)
 16976 | Abyss:2  | Found a corrupted altar of Lugonu.
 17096 | Abyss:2  | Got a shimmering flail
 17097 | Abyss:2  | Identified the +2 flail "Ocilau Ymoh" {freeze, Int+4} (You
                  | found it on level 2 of the Abyss)
 17103 | Abyss:2  | Noticed a cacodemon
 17105 | Abyss:2  | Gained mutation: Scrolls take you a little longer to read.
                  | [a cacodemon]
 17106 | Abyss:2  | Gained mutation: [You are frail. (-10% HP)] [a cacodemon]
 17117 | Abyss:2  | Killed a cacodemon
 17187 | Abyss:2  | Reached XP level 15. HP: 46/72 MP: 15/15
 17254 | Abyss:2  | Noticed a tentacled starspawn
 17285 | Abyss:2  | Slain by a tentacled starspawn

Skill      XL: |  1  2  3  4  5  6  7  8  9 10 11 12 13 14 |
---------------+-------------------------------------------+-----
Maces & Flails | 4 5 6 7 8 10 11 13 15 16 | 16.7
Fighting       | 4 5 7 8 11 12 13 14 15 | 15.7
Armour         | 3 4 5 7 8 10 11 12 13 | 13.9
Dodging        | |  1.5

Action                   |  1- 3 |  4- 6 |  7- 9 | 10-12 | 13-15 || total
-------------------------+-------+-------+-------+-------+-------++-------
Melee: Mace              |   115 |    76 |       |       |       ||   191
       Whip              |       |   111 |   197 |       |       ||   308
       Flail             |       |       |    87 |   394 |       ||   481
       Great mace        |       |       |       |   181 |   604 ||   785
Invok: Berserk           |     3 |     4 |     5 |    11 |     8 ||    31
       Trog's Hand       |       |       |     1 |     1 |     2 ||     4
       Brothers in Arms  |       |       |       |     1 |     4 ||     5
Evoke: Wand              |       |       |       |       |    11 ||    11
  Use: Scroll            |       |       |     5 |     6 |     9 ||    20
       Potion            |       |       |       |       |     1 ||     1
 Stab: Sleeping          |     1 |       |       |       |       ||     1
  Eat: Chunk             |     4 |     8 |    15 |    20 |    21 ||    68
       Ration            |       |       |       |     2 |     3 ||     5
Armor: Animal skin       |    55 |    13 |       |       |       ||    68
       Robe              |       |    15 |       |       |       ||    15
       Chain mail        |       |    61 |   123 |   140 |       ||   324
       Ring mail         |       |     9 |       |       |       ||     9
       Plate armour      |       |       |       |   300 |   463 ||   763
Dodge: Dodged            |    93 |   121 |   102 |   250 |   244 ||   810
Block: Other             |       |       |    14 |    59 |    71 ||   144
       Reflection        |       |       |     1 |       |     2 ||     3
